NCAA
FLORIDA GATORS @ AUBURN TIGERS
05/12/2023
 
TOP OF THE 1ST
Florida Gators batting - Pitching for Auburn Tigers : LHP Dave Smeddon
Pitching: LHP Dave Smeddon
Batting: RHB Jason Knox 0-0: Ball
1-0: Foul Ball, location: 2F
1-1: TRIPLE (Line Drive, 8LM)
Batting: RHB Mario Solís 0-0: Ball
1-0: Fly out, F4 (Line Drive, 4)
Batting: LHB Mark Strong 0-0: Ball
1-0: Ball
2-0: Ball
3-0: Called Strike
3-1: Foul Ball, location: 2F
3-2: Strikes out swinging
Batting: RHB Paul Hardy 0-0: Swinging Strike
0-1: Ball
1-1: Called Strike
1-2: Strikes out swinging
Top of the 1st over - 0 run(s), 1 hit(s), 0 error(s), 1 left on base; Florida 0 - Auburn 0
BOTTOM OF THE 1ST
Auburn Tigers batting - Pitching for Florida Gators : RHP Miguel Negrón
Pitching: RHP Miguel Negrón
Batting: RHB John Zimmerman 0-0: Ball
1-0: Bunted foul
1-1: Ball
2-1: Ball
3-1: Foul Ball, location: 2F
3-2: DOUBLE (Flyball, 7M)
Batting: RHB António Martínez 0-0: Ball
1-0: Ball
2-0: Ground out 5-3 (Groundball, 56)
Batting: LHB Tommy Payne 0-0: Ball
1-0: Ball
2-0: Fly out, F4 (Popup, 4S)
Batting: LHB Edison Snyder 0-0: Swinging Strike
0-1: Ball
1-1: Ball
2-1: Fly out, F8 (Flyball, 8RM)
Bottom of the 1st over - 0 run(s), 1 hit(s), 0 error(s), 1 left on base; Florida 0 - Auburn 0
TOP OF THE 2ND
Florida Gators batting - Pitching for Auburn Tigers : LHP Dave Smeddon
Batting: RHB Joe Richardson 0-0: Called Strike
0-1: Foul Ball, location: 2F
0-2: Foul Ball, location: 2F
0-2: Ball
1-2: Strikes out swinging
Batting: RHB Larry Kennedy 0-0: Called Strike
0-1: Foul Ball, location: 2F
0-2: Foul Ball, location: 2F
0-2: Ball
1-2: Foul Ball, location: 2F
1-2: Foul Ball, location: 2F
1-2: Foul Ball, location: 2F
1-2: Foul Ball, location: 2F
1-2: Strikes out swinging
Batting: LHB Juan Torres 0-0: Called Strike
0-1: Ball
1-1: Foul Ball, location: 2F
1-2: Foul Ball, location: 2F
1-2: Ball
2-2: Ball
3-2: Foul Ball, location: 2F
3-2: Strikes out swinging
Top of the 2nd over - 0 run(s), 0 hit(s), 0 error(s), 0 left on base; Florida 0 - Auburn 0
BOTTOM OF THE 2ND
Auburn Tigers batting - Pitching for Florida Gators : RHP Miguel Negrón
Batting: RHB Doyle O'Dell 0-0: Fly out, F6 (Popup, 6MD)
Batting: RHB Jeff Jones 0-0: Called Strike
0-1: Ball
1-1: Called Strike
1-2: Strikes out swinging
Batting: SHB Tim Campbell 0-0: Ball
1-0: Ball
2-0: Called Strike
2-1: Foul Ball, location: 2F
2-2: Strikes out looking
Bottom of the 2nd over - 0 run(s), 0 hit(s), 0 error(s), 0 left on base; Florida 0 - Auburn 0
TOP OF THE 3RD
Florida Gators batting - Pitching for Auburn Tigers : LHP Dave Smeddon
Batting: RHB Barry Murphy 0-0: Fly out, F9 (Flyball, 89S)
Batting: RHB Butch Richardson 0-0: Foul Ball, location: 2F
0-1: Foul Ball, location: 2F
0-2: Strikes out swinging
Batting: RHB Jason Knox 0-0: Ball
1-0: Ball
2-0: Fly out, F7 (Line Drive, 7S)
Top of the 3rd over - 0 run(s), 0 hit(s), 0 error(s), 0 left on base; Florida 0 - Auburn 0
BOTTOM OF THE 3RD
Auburn Tigers batting - Pitching for Florida Gators : RHP Miguel Negrón
Batting: RHB Artie Frye 0-0: Ball
1-0: Ball
2-0: Ball
3-0: Called Strike
3-1: Base on Balls
Batting: RHB Kel Weeks 0-0: Called Strike
0-1: Ball
Pickoff Throw to First - Out!
1-1: Ground out 6-3 (Groundball, 6M)
Batting: RHB John Zimmerman 0-0: Ball
1-0: Ball
2-0: Called Strike
2-1: Foul Ball, location: 2F
2-2: Strikes out swinging
Bottom of the 3rd over - 0 run(s), 0 hit(s), 0 error(s), 0 left on base; Florida 0 - Auburn 0
TOP OF THE 4TH
Florida Gators batting - Pitching for Auburn Tigers : LHP Dave Smeddon
Batting: RHB Mario Solís 0-0: Foul Ball, location: 2F
0-1: Ball
1-1: Swinging Strike
1-2: Ball
2-2: Strikes out swinging
Batting: LHB Mark Strong 0-0: Foul Ball, location: 2F
0-1: Foul Ball, location: 2F
0-2: Strikes out looking
Batting: RHB Paul Hardy 0-0: Called Strike
0-1: Ball
1-1: Ground out 4-3 (Groundball, 4)
Top of the 4th over - 0 run(s), 0 hit(s), 0 error(s), 0 left on base; Florida 0 - Auburn 0
BOTTOM OF THE 4TH
Auburn Tigers batting - Pitching for Florida Gators : RHP Miguel Negrón
Batting: RHB António Martínez 0-0: Called Strike
0-1: Ball
1-1: Ball
2-1: Ball
3-1: Foul Ball, location: 2F
3-2: Fly out, F7 (Flyball, 78M)
Batting: LHB Tommy Payne 0-0: Fly out, F4 (Popup, 4D)
Batting: LHB Edison Snyder 0-0: Called Strike
0-1: Ball
1-1: Foul Ball, location: 2F
1-2: Strikes out swinging
Bottom of the 4th over - 0 run(s), 0 hit(s), 0 error(s), 0 left on base; Florida 0 - Auburn 0
TOP OF THE 5TH
Florida Gators batting - Pitching for Auburn Tigers : LHP Dave Smeddon
Batting: RHB Joe Richardson 0-0: Called Strike
0-1: Ball
1-1: Ball
2-1: Swinging Strike
2-2: Foul Ball, location: 2F
2-2: Strikes out looking
Batting: RHB Larry Kennedy 0-0: Fly out, F9 (Flyball, 89M)
Batting: LHB Juan Torres 0-0: Ball
1-0: Ball
2-0: Called Strike
2-1: Swinging Strike
2-2: Strikes out swinging
Top of the 5th over - 0 run(s), 0 hit(s), 0 error(s), 0 left on base; Florida 0 - Auburn 0
BOTTOM OF THE 5TH
Auburn Tigers batting - Pitching for Florida Gators : RHP Miguel Negrón
Batting: RHB Doyle O'Dell 0-0: Fly out, F8 (Flyball, 8LM)
Batting: RHB Jeff Jones 0-0: Foul Ball, location: 2F
0-1: Ball
1-1: Called Strike
1-2: Ball
2-2: Foul Ball, location: 2F
2-2: Fly out, F6 (Popup, 6D)
Batting: SHB Tim Campbell 0-0: Ball
1-0: Ball
2-0: Called Strike
2-1: Ball
3-1: Base on Balls
Batting: RHB Artie Frye 0-0: Ball
1-0: Called Strike
1-1: Fly out, F7 (Flyball, 7M)
Bottom of the 5th over - 0 run(s), 0 hit(s), 0 error(s), 1 left on base; Florida 0 - Auburn 0
TOP OF THE 6TH
Florida Gators batting - Pitching for Auburn Tigers : LHP Dave Smeddon
Batting: RHB Barry Murphy 0-0: Called Strike
0-1: Swinging Strike
0-2: Ball
1-2: Foul Ball, location: 2F
1-2: Foul Ball, location: 2F
1-2: Foul Ball, location: 2F
1-2: Foul Ball, location: 2F
1-2: Strikes out swinging
Batting: RHB Butch Richardson 0-0: Fly out, F9 (Flyball, 89M)
Batting: RHB Jason Knox 0-0: Ball
1-0: Fly out, F4 (Popup, 34)
Top of the 6th over - 0 run(s), 0 hit(s), 0 error(s), 0 left on base; Florida 0 - Auburn 0
BOTTOM OF THE 6TH
Auburn Tigers batting - Pitching for Florida Gators : RHP Miguel Negrón
Batting: RHB Kel Weeks 0-0: Ball
1-0: Swinging Strike
1-1: Foul Ball, location: 2F
1-2: Strikes out swinging
Batting: RHB John Zimmerman 0-0: Foul Ball, location: 2F
0-1: Called Strike
0-2: Foul Ball, location: 2F
0-2: Foul Ball, location: 2F
0-2: Fly out, F7 (Flyball, 7M)
Batting: RHB António Martínez 0-0: Ball
1-0: Foul Ball, location: 2F
1-1: Ball
2-1: DOUBLE (Line Drive, 7LM)
Batting: LHB Tommy Payne 0-0: Ball
1-0: Called Strike
1-1: Ball
2-1: Ball
Wild Pitch!
António Martínez to third
3-1: Base on Balls
Pitching: RHP Santiago Castro
Batting: LHB Edison Snyder 0-0: Fly out, F6 (Popup, 56D)
Bottom of the 6th over - 0 run(s), 1 hit(s), 0 error(s), 2 left on base; Florida 0 - Auburn 0
TOP OF THE 7TH
Florida Gators batting - Pitching for Auburn Tigers : LHP Dave Smeddon
Batting: RHB Mario Solís 0-0: Foul Ball, location: 2F
0-1: Called Strike
0-2: Ball
1-2: Foul Ball, location: 2F
1-2: Ball
2-2: Foul Ball, location: 2F
2-2: Ground out 6-3 (Groundball, 56)
Pitching: RHP Anthony Larson
Batting: LHB Mark Strong 0-0: Ball
1-0: Called Strike
1-1: Called Strike
1-2: Strikes out swinging
Batting: RHB Paul Hardy 0-0: Ball
1-0: Ball
2-0: Foul Ball, location: 2F
2-1: Swinging Strike
2-2: Strikes out swinging
Top of the 7th over - 0 run(s), 0 hit(s), 0 error(s), 0 left on base; Florida 0 - Auburn 0
BOTTOM OF THE 7TH
Auburn Tigers batting - Pitching for Florida Gators : RHP Santiago Castro
Batting: RHB Doyle O'Dell 0-0: Called Strike
0-1: Called Strike
0-2: Ball
1-2: Ball
2-2: Strikes out swinging
Batting: RHB Jeff Jones 0-0: Ball
1-0: Ball
2-0: Foul Ball, location: 2F
2-1: Ball
3-1: Base on Balls
Batting: SHB Tim Campbell 0-0: Ball
1-0: Foul Ball, location: 2F
1-1: Ball
2-1: Swinging Strike
2-2: Ball
3-2: Foul Ball, location: 2F
3-2: Base on Balls
Jeff Jones to second
Pinch Runner at 2nd Curt Carey:
Pinch Hitting: RHB Lorne Witcher 0-0: Ball
Wild Pitch!
Curt Carey to third
Tim Campbell to second
1-0: Intentional Walk
Batting: RHB Kel Weeks 0-0: Called Strike
0-1: Ball
1-1: SINGLE (Flyball, 89S)
Curt Carey scores
Tim Campbell to third
Lorne Witcher to second
Batting: RHB John Zimmerman 0-0: Ball
1-0: Called Strike
1-1: Called Strike
1-2: Ball
2-2: Grounds into double play, 6-4-3 (Groundball, 6M)
Bottom of the 7th over - 1 run(s), 1 hit(s), 0 error(s), 2 left on base; Florida 0 - Auburn 1
TOP OF THE 8TH
Florida Gators batting - Pitching for Auburn Tigers : RHP Anthony Larson
Pitching: RHP Will Park
Now at 2B: Ángelo Young
Now at 3B: Bob Fischer
Batting: RHB Joe Richardson 0-0: Foul Ball, location: 2F
0-1: Ball
1-1: Foul Ball, location: 2F
1-2: Ball
2-2: Strikes out swinging
Batting: RHB Larry Kennedy 0-0: Ball
1-0: Foul Ball, location: 2F
1-1: Called Strike
1-2: Strikes out swinging
Pitching: LHP Reynaldo Adame
Batting: LHB Juan Torres 0-0: Foul Ball, location: 2F
0-1: Ball
1-1: Called Strike
1-2: Reached on error, E3 (Groundball, 3)
Pitching: RHP Steve Ackerman
Pinch Hitting: LHB Jeff Fountain 0-0: Called Strike
0-1: Ball
1-1: Swinging Strike
1-2: Ball
2-2: Strikes out swinging
Top of the 8th over - 0 run(s), 0 hit(s), 1 error(s), 1 left on base; Florida 0 - Auburn 1
BOTTOM OF THE 8TH
Auburn Tigers batting - Pitching for Florida Gators : RHP Santiago Castro
Now in CF: Jeff Fountain
Batting: RHB António Martínez 0-0: Foul Ball, location: 2F
0-1: Fly out, F6 (Popup, 56D)
Batting: LHB Tommy Payne 0-0: Called Strike
0-1: Called Strike
0-2: SINGLE (Groundball, 34D)
Batting: LHB Edison Snyder 0-0: Ball
1-0: Ground out 4-3 (Groundball, 4M)
Tommy Payne to second
Batting: RHB Doyle O'Dell 0-0: Ball
1-0: Ball
2-0: Called Strike
2-1: Fly out, F4 (Line Drive, 34D)
Bottom of the 8th over - 0 run(s), 1 hit(s), 0 error(s), 1 left on base; Florida 0 - Auburn 1
TOP OF THE 9TH
Florida Gators batting - Pitching for Auburn Tigers : RHP Steve Ackerman
Pitching: RHP Francisco Rodríguez
Pinch Hitting: SHB Leroy Sibbald 0-0: Foul Ball, location: 2F
0-1: DOUBLE (Line Drive, 9LS)
Batting: RHB Jason Knox 0-0: Ball
1-0: Ball
2-0: Ball
3-0: Base on Balls
Batting: RHB Mario Solís 0-0: Foul Ball, location: 2F
0-1: Ball
1-1: Fly out, F8 (Flyball, 8RM)
Batting: LHB Mark Strong 0-0: Called Strike
0-1: Ball
1-1: Ball
2-1: Fly out, F8 (Flyball, 8RM)
Batting: RHB Paul Hardy 0-0: Hit by Pitch
Leroy Sibbald to third
Jason Knox to second
Batting: RHB Joe Richardson 0-0: Ball
1-0: Foul Ball, location: 2F
1-1: Called Strike
1-2: Foul Ball, location: 2F
1-2: Ball
2-2: Foul Ball, location: 2F
2-2: Strikes out looking
Top of the 9th over - 0 run(s), 1 hit(s), 0 error(s), 3 left on base; Florida 0 - Auburn 1
This league is powered by Out of the Park Baseball, the baseball management simulation game for PC, Mac and Linux
Wednesday, December 2nd, 2015 - OOTP Baseball 16.8 Build 38